AoeStats
← BSHammer

Arena

508356103Analyzed
4v4 RM · 11d ago on Sep 22, 2026· 38m 58s· 8 players
Game mode
Random Map
Map size
Large (8 player)
Population
200
Speed
Normal
Resources
Standard
Victory
Conquest
Starting age
Dark Age
Ending age
Imperial Age
RankedLock teamsTeams togetherTeam positionsShared explorationLock speedFull tech treeHidden civsTurbo modeCheats
Victory
Defeat
🇦🇺 Persians · Australia
1673
+12
🇧🇷 Khitans · Brazil
1630
+13
🇦🇷 Lithuanians · Argentina
1563
+16
🇨🇳 Dravidians · China
1550
+17
🇺🇸 Georgians · United States
1598
-16
🇺🇸 Vikings · United States
1584
-15
🇺🇸 Saracens · United States
1551
-14
🇺🇸 Wu · United States
1546
-13
Sung Jinwoo
10:41 Feudal Age
10:48 Feudal Age
9:26 Loom
11:19 Feudal Age
14:47 Castle Age
13:40 Double-Bit Axe
14:48 Loom
20:12 Domestication
21:19 Pastoralism
22:31 Bow Saw
22:49 Town Watch
24:42 Wheelbarrow
25:42 Hand Cart
29:24 Imperial Age
27:30 Fletching
27:40 Padded Archer Armor
28:23 Bodkin Arrow
28:32 Gold Mining
29:41 Leather Archer Armor
28:53 Heavy Cavalry Archer
29:43 Thumb Ring
30:06 Husbandry
30:34 Parthian Tactics
30:12 Bracer
31:18 Ballistics
32:00 Ring Archer Armor
31:35 Stone Mining
33:43 Chemistry
34:32 Two-Man Saw
35:19 Coinage
37:25 Conscription
37:15 Ordo Cavalry
serendipity
10:55 Feudal Age
14:28 Castle Age
12:38 Double-Bit Axe
13:06 Horse Collar
15:37 Loom
19:28 Fletching
嚯嚯嚯嚯
10:33 Feudal Age
11:17 Double-Bit Axe
14:12 Castle Age
13:38 Horse Collar
19:20 Loom
21:05 Wheelbarrow
20:47 Stone Mining
21:25 Bow Saw
21:59 Loom
22:07 Gold Mining
24:13 Stone Shaft Mining
27:49 Imperial Age
26:05 Hand Cart
26:01 Heavy Plow
26:38 Bloodlines
26:28 Husbandry
27:21 Scale Barding Armor
27:26 Forging
27:21 Husbandry
29:40 Two-Man Saw
29:08 Chain Barding Armor
29:00 Forging
30:25 Plate Barding Armor
31:00 Conscription
30:02 Elite Leitis
31:19 Iron Casting
33:04 Fletching
34:16 Bodkin Arrow
34:37 Elite Skirmisher
35:20 Bracer
35:21 Padded Archer Armor
35:42 Ballistics
36:45 Crop Rotation
36:56 Leather Archer Armor
36:46 Tower Shields
38:07 Ring Archer Armor
Kaydos
10:33 Feudal Age
14:05 Castle Age
14:23 Double-Bit Axe
14:49 Scale Barding Armor
14:36 Horse Collar
20:38 Wheelbarrow
22:03 Hand Cart
22:55 Bow Saw
22:48 Heavy Plow
23:23 Gold Mining
29:39 Imperial Age
26:56 Loom
26:56 Town Watch
27:39 Stone Mining
28:25 Gold Shaft Mining
28:52 Scale Barding Armor
30:21 Chain Barding Armor
30:43 Conscription
31:39 Two-Man Saw
31:51 Chemistry
31:38 Plate Barding Armor
31:14 Forging
30:47 Elite War Elephant
34:16 Hoardings
34:54 Iron Casting
35:02 Devotion
35:36 Husbandry
38:36 Guilds
Lucas Ducas
8:44 Feudal Age
7:30 Loom
9:25 Double-Bit Axe
10:28 Town Watch
12:02 Horse Collar
21:53 Castle Age
20:47 Gold Mining
20:55 Stone Mining
21:24 Fletching
22:50 Bow Saw
23:20 Gold Shaft Mining
22:59 Heavy Plow
28:33 Imperial Age
27:14 Bodkin Arrow
27:58 Gold Shaft Mining
28:02 Crossbowman
29:17 Bracer
30:00 Padded Archer Armor
30:41 Conscription
30:28 Arbalester
31:38 Ballistics
32:34 Fortified Wall
34:24 Chemistry
35:48 Padded Archer Armor
koriko9397
11:04 Feudal Age
15:56 Castle Age
14:21 Double-Bit Axe
16:04 Horse Collar
22:00 Heavy Plow
24:15 Wheelbarrow
24:22 Bow Saw
25:33 Town Watch
27:01 Hand Cart
27:27 Gold Mining
29:10 Loom
32:17 Imperial Age
32:23 Imperial Age
30:10 Bloodlines
30:57 Husbandry
31:12 Scale Barding Armor
31:18 Forging
33:13 Masonry
33:46 Sanctity
34:04 Theocracy
33:00 Cavalier
34:44 Block Printing
36:11 Fervor
36:18 Redemption
36:47 Light Cavalry
BSHammer
9:05 Feudal Age
12:56 Castle Age
12:34 Loom
13:42 Fletching
20:48 Red Cliffs Tactics
21:08 Bodkin Arrow
23:50 Ballistics
35:14 Padded Archer Armor
Harristotle
9:06 Feudal Age
9:43 Double-Bit Axe
9:40 Horse Collar
13:44 Wheelbarrow
19:35 Gold Mining
27:25 Castle Age
25:41 Scale Barding Armor
25:54 Forging
31:33 Imperial Age
29:08 Husbandry
29:47 Bow Saw
30:07 Bloodlines
31:07 Gold Shaft Mining
30:37 Heavy Plow
31:43 Chain Barding Armor
31:53 Heavy Camel Rider
33:22 Iron Casting
35:36 Hand Cart
36:06 Plate Barding Armor
39:28 Blast Furnace
Connection lost

Rejoining the realm…

Still unreachable

The connection could not be restored.

Session expired

The server has moved on; the page needs a fresh start.